 Dungeon Crawl Stone Soup version 0.31-a0-851-g7ff8af7976 (webtiles) character file.

Game seed: 586887505569242980

2298 BinkBink the Trooper (level 9, -2/79 HPs)
             Began as a Minotaur Fighter on Oct 6, 2023.
             Was a Follower of Qazlal.
             Slain by a yak (13 damage)
             ... on level 6 of the Dungeon.
             The game lasted 00:07:07 (5330 turns).

BinkBink the Trooper (Minotaur Fighter)             Turns: 5330, Time: 00:07:08

Health: -2/79      AC: 10    Str: 30    XL:     9   Next: 17%
Magic:  8/8        EV: 12    Int:  5    God:    Qazlal [*.....]
Gold:   342        SH:  7    Dex: 11    Spells: 8/8 levels left

rFire   . . .        a - +2 trident
rCold   . . .        c - +0 buckler
rNeg    . . .        b - +0 scale mail
rPois   .            (helmet restricted)
rElec   .            (no cloak)
rCorr   .            q - +1 pair of gloves
SInv    .            (no boots)
Will    .....        (no amulet) Stlth
                     l - +6 ring of strength
HPRegen 0.33/turn    (no ring)
MPRegen 0.11/turn

%: no passive effects
@: no status effects
A: horns 2, retaliatory headbutt
a: Renounce Religion


You were on level 6 of the Dungeon.
You worshipped Qazlal.
Qazlal was aware of your devotion.
You visited 2 branches of the dungeon, and saw 7 of its levels.

You collected 342 gold pieces.

Inventory:

Hand Weapons
 a - a +2 trident (weapon)
Armour
 b - a +0 scale mail (worn)
 c - a +0 buckler (worn)
 q - a +1 pair of gloves (worn)
Jewellery
 i - an amulet of magic regeneration
 l - a +6 ring of strength (left hand)
Wands
 n - a wand of flame (14)
 u - a wand of iceblast (14)
Scrolls
 e - a scroll of teleportation {unknown}
 f - a scroll of fear
 g - a scroll of amnesia
 p - 2 scrolls of vulnerability
Potions
 d - a potion of might
 h - a potion of mutation {unknown}
 j - a potion of degeneration {unknown}
 k - a potion of ambrosia {unknown}
 o - 2 potions of curing
 t - 2 potions of heal wounds {unknown}
 v - a potion of enlightenment


   Skills:
 + Level 7.5 Fighting
 + Level 6.9 Polearms
 + Level 7.5 Armour
 + Level 5.7 Dodging
 + Level 7.5 Shields


You had 8 spell levels left.
You didn't know any spells.
Your spell library contained the following spells:

 Spells                   Type           Power      Damage    Failure   Level
 Magic Dart               Conj           0%         1d3       75%         1
 Call Imp                 Summ           0%         N/A       86%         2
 Ignite Poison            Fire/Tmut/Pois 0%         N/A       98%         3
 Inner Flame              Hex/Fire       0%         N/A       98%         3
 Mephitic Cloud           Conj/Pois/Air  0%         N/A       98%         3
 Sticky Flame             Conj/Fire      0%         2d3       100%        4
 Summon Forest            Summ/Tloc      0%         N/A       100%        5
 Summon Mana Viper        Hex/Summ       0%         N/A       100%        5
 Yara's Violent Unravell  Hex/Tmut       0%         3d3       100%        5
 Summon Cactus Giant      Summ           0%         N/A       100%        6
 Enfeeble                 Hex            0%         N/A       100%        7
 Ignition                 Fire           0%         3d3       100%        8


Dungeon Overview and Level Annotations

Branches:
Dungeon (6/15)             Temple (1/1) D:4

Altars:
Ashenzari
Dithmenos
Fedhas
Gozag
Hepliaklqana
Makhleb
Nemelex Xobeh
Okawaru
Qazlal
Ru
Vehumet
Yredelemnul

Annotations:
D:3 Terence
D:4 2 runed translucent doors, Crazy Yiuf; mohammadb5305's ghost, novice HOBe


Innate Abilities, Weirdness & Mutations

You have a pair of horns on your head.
You reflexively headbutt those who attack you in melee.


Message History

You puncture the yak!
You kill the yak!
Qazlal accepts your kill. The yak gores you!
You barely miss the yak. The yak gores you but does no damage.
You hit the yak.
The yak is lightly wounded.
The yak gores you. You block the yak's attack.
You closely miss the yak. Your headbutt misses the yak.
The yak is lightly wounded.
You block the yak's attack. The yak gores you! The yak gores you.
You puncture the yak!
The yak is moderately wounded.
The yak closely misses you. The yak completely misses you.
The yak gores you but does no damage.
You impale the yak!! You headbutt the yak.
The yak is almost dead.
The yak gores you but does no damage. The yak misses you.
The yak gores you but does no damage.
You hit the yak. You headbutt the yak.
The yak is almost dead.
You block the yak's attack. The yak gores you! The yak closely misses you.
You are too injured to fight recklessly!
You are too injured to fight recklessly!
Unknown command.
You are too injured to fight recklessly!
You are too injured to fight recklessly!
You are too injured to fight recklessly!
You hit the yak but do no damage.
The yak is almost dead.
The yak gores you! x2
* * * LOW HITPOINT WARNING * * *
The yak gores you but does no damage. The yak attacks as it pursues you!
The yak gores you.
* * * LOW HITPOINT WARNING * * *
The yak attacks as it pursues you! The yak gores you but does no damage.
You block the yak's attack. The yak attacks as it pursues you!
The yak completely misses you. The yak attacks as it pursues you!
The yak gores you!
You die...

.....###..# #.........#
### ## ..#......# #.##
..# ###......#
...##.... .#.......##
##......# ....).....#
##.......# ...##...###
###........# ..###...#
#..YYY#....# .......##
#####☼@#### .....
......#####.##..####..
....
.......#.#...#.........
...
...............##......
..
...##..................
.
..#.>...#..............
..##....#..............
. #............#####.#
........#......####.#


You could see 3 yaks.

Vanquished Creatures
  Pikel (D:4)
  Grinder (D:3)
  Sigmund (D:5)
  A yak (D:6)
  Edmund (D:5)
  A black bear (D:3)
  3 ogres
  2 centaurs
  A lemure (D:5)
  A phantom (D:5)
  Blork the orc (D:5)
  A scorpion (D:5)
  A howler monkey (D:4)
  A jelly (D:3)
  2 orc priests (D:4)
  Jessica (D:3)
  4 iguanas
  4 orc wizards (D:4)
  A gnoll (D:1)
  3 adders
  A white imp (D:6)
  2 worms
  6 dart slugs
  12 orcs
  3 endoplasms (D:3)
  3 goblins
  5 hobgoblins
  5 jackals
  3 kobolds
  5 quokkas
  7 ball pythons
  11 bats
  12 frilled lizards (D:2)
  6 rats
  A spectral orc (D:3)
114 creatures vanquished.

Notes
Turn   | Place    | Note
-------+----------+-------------------------------------------
     0 | D:1      | BinkBink the Minotaur Fighter began the quest for the Orb.
     0 | D:1      | Reached XP level 1. HP: 19/19 MP: 0/0
    94 | D:1      | Reached XP level 2. HP: 25/27 MP: 1/1
   316 | D:1      | Reached XP level 3. HP: 33/33 MP: 2/2
   341 | D:1      | Reached skill level 1 in Dodging
  1578 | D:3      | Noticed an ogre
  1583 | D:3      | Killed an ogre
  1584 | D:3      | Reached XP level 4. HP: 41/41 MP: 3/3
  1584 | D:3      | Reached XP level 5. HP: 47/47 MP: 4/4
  1672 | D:3      | Noticed Grinder
  1672 | D:3      | Paralysed by Grinder for 5 turns
  1685 | D:3      | Killed Grinder
  1686 | D:3      | Reached skill level 5 in Fighting
  1686 | D:3      | Reached skill level 5 in Armour
  1686 | D:3      | Reached skill level 5 in Shields
  1686 | D:3      | Reached XP level 6. HP: 45/56 MP: 5/5
  1873 | D:3      | Noticed Jessica
  1881 | D:3      | Killed Jessica
  1950 | D:3      | Noticed Terence
  2233 | D:3      | Found a basalt altar of Yredelemnul.
  2712 | D:4      | Reached XP level 7. HP: 61/61 MP: 6/6
  2771 | D:4      | Found a runed translucent door.
  2771 | D:4      | Noticed mohammadb5305's ghost (novice HOBe)
  2855 | D:4      | Found a staircase to the Ecumenical Temple.
  2867 | Temple   | Entered the Ecumenical Temple
  2921 | Temple   | Became a worshipper of Qazlal Stormbringer
  3242 | D:4      | Reached skill level 5 in Polearms
  3386 | D:4      | Found a runed translucent door.
  3387 | D:4      | Noticed Crazy Yiuf
  3828 | D:5      | Entered Level 5 of the Dungeon
  4159 | D:5      | Noticed Blork the orc
  4169 | D:5      | Killed Blork the orc
  4170 | D:5      | Reached XP level 8. HP: 51/70 MP: 7/7
  4495 | D:5      | Noticed Sigmund
  4512 | D:5      | Killed Sigmund
  4596 | D:5      | Found a sparkling altar of Nemelex Xobeh.
  4630 | D:5      | Found an iron altar of Okawaru.
  4743 | D:5      | Noticed Pikel
  4793 | D:4      | Killed Pikel
  4794 | D:4      | Reached skill level 5 in Dodging
  4918 | D:5      | Found a sacrificial altar of Ru.
  4932 | D:5      | Found a shadowy altar of Dithmenos.
  4933 | D:5      | Noticed Edmund
  4944 | D:5      | Killed Edmund
  4944 | D:5      | Reached * piety under Qazlal
  4945 | D:5      | Reached XP level 9. HP: 12/79 MP: 8/8
  5330 | D:6      | Slain by a yak

Illustrated notes

Levels and vault maps discovered:
D:1:      amcnicky_arrival_flooded_fountain, layout_basic,
          minmay_split_cup_large
D:2:      layout_basic, mrwooster_statue_mirror, serial_bayou_pond_a,
          minmay_lizard_king
D:3:      layout_basic, yredelemnul_forgotten_temple_becter,
          corexii_leaking_fountain, uniq_grinder, uniq_jessica, uniq_terence
D:4:      layout_rooms, minmay_temple_entry_junction, gammafunk_ghost_grave,
          minmay_misc_feat_alley, moated_statue, uniq_crazy_yiuf_cottage
D:5:      layout_rooms, mainiacjoe_overflow_large_starburst,
          mainiacjoe_overflow_cross_hatched, lemuel_tele_altar,
          nicolae_houndstooth_variations, uniq_sigmund, uniq_edmund,
          uniq_blork_the_orc, uniq_pikel
D:6:      layout_cave_pools, good_gods_temple_1, amcnicky_altar_gilded,
          minmay_crystal_water, chequers_decorated_corner,
          reono_crystal_passage, guppyfry_shop_venom
Temple:   nicolae_temple_superstar

Skill      XL: |  1  2  3  4  5  6  7  8 |
---------------+-------------------------+-----
Fighting       | 4 5 6 7 |  7.5
Armour         | 4 5 6 7 |  7.5
Shields        | 4 5 6 7 |  7.5
Dodging        | 1 2 3 4 5 |  5.7
Polearms       | 3 4 5 6 |  6.9

Action                     |  1- 3 |  4- 6 |  7- 9 || total
---------------------------+-------+-------+-------++-------
  Melee: Trident           |   108 |    67 |   183 ||   358
         Headbutt          |    15 |    10 |    36 ||    61
         Unarmed           |       |     6 |       ||     6
    Use: Scroll            |       |     2 |     8 ||    10
         Potion            |       |       |     3 ||     3
 Armour: Scale mail        |    68 |    27 |   154 ||   249
         Skin              |       |     5 |       ||     5
  Dodge: Dodged            |    36 |    27 |    60 ||   123
  Block: Buckler           |    21 |    10 |    43 ||    74

Table legend: (Time is in decaauts)
 A = Elapsed time spent in this place.
 B = Non-inter-level travel time spent in this place.
 C = Inter-level travel time spent in this place.
 D = Time resting spent in this place.
 E = Time spent auto-exploring this place.
 F = Levels seen in this place.
 G = Mean time per level.
                   A        B        C        D        E       F      G
               +--------+--------+--------+--------+--------+-----+--------+
         Total |   5364 |   5067 |    297 |     12 |   4251 |   7 |  766.3 |
       Dungeon |   5116 |   4903 |    213 |     12 |   4091 |   6 |  852.7 |
        Temple |    248 |    164 |     84 |      0 |    160 |   1 |  248.0 |
               +--------+--------+--------+--------+--------+-----+--------+

Top non-repeatable levels by time:
     D:4: 1268 daAuts
     D:5: 1097 daAuts
     D:1: 1036 daAuts
     D:3: 974 daAuts
     D:2: 649 daAuts
  Temple: 248 daAuts
     D:6: 89 daAuts
